Map: Lightshade LE

Players

Lonosphere - Winner!

  • Race: Zerg Zerg
  • League: Master
  • Spawn Location: 11:00

Pumba

  • Race: Zerg Zerg
  • League: Master
  • Spawn Location: 5:00

VOD

Have the link to the VOD?

Description

Time

  • Played on: Sept. 14, 2021, 9:28 p.m.
  • Length: 3:14
Show
View Real Time Build Order
Export as new Build Order

Lonosphere Zerg - Winner!

Build Orders: Pool Only 

Get SALT Encoding   

  12  0:17  Spawning Pool  
  11  0:22  Drone  
  11  0:27  Drone  
  13  0:32  Drone  
  14  0:41  Overlord  
  14  1:04  Zergling x4  
  14  1:06  Zergling x2  
  17  1:16  Zergling x2  
  17  1:26  Zergling x2  
  18  1:37  Zergling x2  
  19  1:49  Zergling x2  
  20  2:11  Zergling x2  
  20  2:12  Zergling x2  
  17  2:36  Zergling x4  
Show
View Real Time Build Order
Export as new Build Order

Pumba Zerg 

Build Orders: Hatch First 

Get SALT Encoding   

  12  0:00  Drone  
  13  0:13  Overlord  
  13  0:17  Drone  
  14  0:31  Drone x2  
  16  0:48  Hatchery  
  15  0:52  Drone  
  15  0:55  Drone  
  17  1:00  Drone  
  18  1:13  Extractor  
  18  1:14  Spawning Pool  
  16  1:22  Drone x2  
  18  1:30  Drone  
  19  1:42  Overlord  
  19  1:49  Evolution Chamber  
  18  2:01  Zergling x6  
  18  2:04  Spine Crawler  
  6  2:44  Zergling x6  
Tags
 
Add a new tag
Caveats
  • Supply blocks, unpowered buildings, or Contaminate may cause inaccurate times.
  • Supply counts are checked every 10 seconds.